 Dungeon Crawl Stone Soup version 0.29.0-4-gdea44cf6ec (webtiles) character file.

Game seed: 7750663389576483668

51 qw the Chopper (level 3, 0/21 HPs)
             Began as a Tengu Warper on Aug 28, 2022.
             Slain by an orc wizard
             ... wielding a +0 dagger
              (2 damage)
             ... on level 4 of the Dungeon.
             The game lasted 00:00:11 (2946 turns).

qw the Chopper (Tengu Warper)                       Turns: 2946, Time: 00:00:11

Health: 0/21       AC:  5    Str: 12 (13) XL:     3   Next: 83%
Magic:  7/7        EV: 10    Int: 11 (13) God:
Gold:   102        SH:  0    Dex: 10 (13) Spells: 6/6 levels left

rFire   + . .      SeeInvis .   Y - +0 hand axe
rCold   . . .      Faith    .   (no shield)
rNeg    . . .      Spirit   .   h - +0 ring mail
rPois   .          Reflect  .   (helmet restricted)
rElec   .          Harm     .   (no cloak)
rCorr   .          Rampage  .   (no gloves)
Will    .....                   (boots unavailable)
Stlth   ..........              (no amulet)
HPRegen 0.07/turn               j - ring of protection from fire
MPRegen 0.10/turn               (no ring)

@: about to teleport
A: beak, talons 3
a: no special abilities


You were on level 4 of the Dungeon.
You visited 1 branch of the dungeon, and saw 4 of its levels.

You collected 102 gold pieces.


Innate Abilities, Weirdness & Mutations

You have a beak for a mouth.
You have claws for feet.


   Skills:
 - Level 2.0 Fighting
 + Level 4.4 Axes
 - Level 1.0 Throwing
 - Level 1.1 Armour
 - Level 2.1 Dodging
 - Level 2.0 Spellcasting
 - Level 2.4 Translocations


You had 6 spell levels left.
You didn't know any spells.
Your spell library contained the following spells:

 Spells                   Type           Power      Damage    Failure   Level
 Blink                    Tloc           12%        N/A       36%         2
 Gell's Gravitas          Tloc           6%         N/A       58%         3
 Lesser Beckoning         Tloc           6%         N/A       58%         3
 Teleport Other           Tloc           6%         N/A       58%         3
 Manifold Assault         Tloc           6%         N/A       100%        5

Inventory:

Hand Weapons
 i - a +0 morningstar
 Y - a +0 hand axe (weapon)
Missiles
 c - a silver boomerang (quivered)
Armour
 h - a +0 ring mail (worn)
 k - a +0 chain mail
Jewellery
 j - a ring of protection from fire (left hand)
Scrolls
 a - a scroll of teleportation
 d - a scroll of identify
 g - a scroll of enchant armour {unknown}
Potions
 b - 2 potions of haste {unknown}
 e - a potion of might {unknown}
 f - a potion of heal wounds {unknown}

Dungeon Overview and Level Annotations

Branches:
Dungeon (4/15)
 Temple: D:4-7

Altars:


Message History

You throw a silver boomerang. The silver boomerang hits the orc.
You kill the orc!
Found an escape hatch in the ceiling.
You see here a +0 dagger.
You now have 92 gold pieces (gained 13).
You now have 102 gold pieces (gained 10). 2 orc wizards come into view.
The orc wizard shouts! x2
The orc wizard mumbles some strange words.
The orc wizard flickers and vanishes!
Deactivating autopickup; reactivate with Ctrl-A.
Enter note: An orc comes into view. It is wielding a +0 short sword.
The orc shouts!
The orc wizard mumbles some strange words.
The orc wizard flickers and vanishes!
An orc wizard comes into view. It is wielding a +0 dagger.
The orc wizard shouts!
A puff of flame appears from out of thin air!
The puff of flame hits something.
You hit something but do no damage. Something hits you but does no damage.
You hit something. You closely miss something. Something hits you.
Something hits you. Something hits you but does no damage.
The orc wizard points at you and mumbles some strange words.
The magic dart hits you. The orc hits you with a +0 short sword.
You closely miss the orc wizard. Your kick misses the orc wizard.
You closely miss something. x2; You closely miss the orc.
Something hits you but does no damage.
You hear some strange, mumbled words.
Something tries to affect you, but you resist.
The orc wizard gestures at you while chanting.
The puff of flame hits you. You resist. The orc hits you with a +0 short sword.
2946 ||| READING 2 scrolls of teleportation.
As you read the scroll of teleportation, it crumbles to dust.
You feel strangely unstable.
Something hits you but does no damage. x2
The orc wizard hits you with a +0 dagger.
You die...

#.......#.....#....
#.............#....
#.......#####.# ...
#......... .. ...
#.....#### .# ..
#.........
#.........
##.{......
#@.....#. #oo......
#........ #........
......... .........
.........
........#.


You could see an orc wizard and an orc.

Vanquished Creatures
  An adder (D:2)
  2 worms (D:2)
  6 orcs
  3 bats
  4 endoplasms
  3 goblins
  2 hobgoblins
  3 kobolds
  A ball python (D:1)
  3 rats
28 creatures vanquished.

Notes
Turn   | Place    | Note
-------+----------+-------------------------------------------
     0 | D:1      | qw the Tengu Warper began the quest for the Orb.
     0 | D:1      | Reached XP level 1. HP: 12/12 MP: 4/4
     0 | D:1      | 0 ||| qw: Version: 0.1-a-89-g26bdef1
     0 | D:1      | 0 ||| qw: Game counter: 1608
     0 | D:1      | 0 ||| qw: Always use a shield: true
     0 | D:1      | 0 ||| qw: God list: Okawaru
     0 | D:1      | 0 ||| qw: Allow faded altars: false
     0 | D:1      | 0 ||| qw: Do Orc after D:15 true
     0 | D:1      | 0 ||| qw: Do second Lair branch before Depths: true
     0 | D:1      | 0 ||| qw: Lair rune preference: random
     0 | D:1      | 0 ||| qw: Plans: Normal
     0 | D:1      | 0 ||| PLANNING D:1-11
   316 | D:1      | Reached skill level 3 in Axes
   316 | D:1      | Reached XP level 2. HP: 16/17 MP: 6/6
   444 | D:1      | Found a faded altar of an unknown god.
   725 | D:1      | 725 ||| DROPPING +0 club.
   942 | D:1      | 942 ||| UPGRADING to +0 ring mail.
   952 | D:1      | 952 ||| DROPPING +0 leather armour.
   953 | D:1      | 953 ||| UPGRADING to ring of protection from fire.
   954 | D:1      | 954 ||| READING scroll labelled ULLURGHEDDE.
   955 | D:1      | 955 ||| READING scroll labelled CAQOPP SUOLOGA.
   960 | D:1      | 960 ||| READING scroll labelled PODGHA CO ECW.
   961 | D:1      | 961 ||| READING 2 scrolls labelled ISU ITEETE.
   962 | D:1      | 962 ||| READING scroll labelled GUPAARUOFU.
   963 | D:1      | 963 ||| DRINKING 2 red potions.
  1068 | D:1      | 1068 ||| DROPPING scroll of blinking.
  1069 | D:1      | 1069 ||| DROPPING potion of berserk rage.
  1070 | D:1      | 1070 ||| DROPPING scroll of vulnerability.
  1081 | D:2      | HP: 4/17 [worm (7)]
  1083 | D:2      | 1083 ||| STAIRDANCE
  1342 | D:2      | 1342 ||| Stepping ~*~*~tactically~*~*~ (stealth).
  1572 | D:2      | 1572 ||| Stepping ~*~*~tactically~*~*~ (stealth).
  1912 | D:2      | Reached XP level 3. HP: 21/21 MP: 7/7
  1960 | D:2      | Reached skill level 4 in Axes
  2211 | D:2      | 2211 ||| DRINKING 2 bubbling blue potions.
  2212 | D:2      | 2212 ||| DROPPING potion of degeneration.
  2665 | D:3      | 2665 ||| Stepping ~*~*~tactically~*~*~ (stealth).
  2719 | D:3      | 2719 ||| DROPPING +0 flail.
  2720 | D:3      | 2720 ||| DROPPING +0 mace.
  2869 | D:3      | You fall into a shaft and drop 1 floor!
  2945 | D:4      | HP: 4/21 [orc wizard/puff of flame (4)]
  2946 | D:4      | 2946 ||| READING 2 scrolls of teleportation.
  2946 | D:4      | Slain by an orc wizard

Levels and vault maps discovered:
D:1:      shiori_angband_town, layout_basic, basic_ecumenical_altar
D:2:      layout_basic
D:3:      layout_loops_corners, grunt_temple_overflow_open
D:4:      layout_basic, uniq_sigmund

Skill      XL: |  1  2  3 |
---------------+----------+-----
Axes           | 3 4 |  4.4
Fighting       | |  2.0
Throwing       | |  1.0
Armour         | |  1.1
Dodging        | |  2.1
Spellcasting   | |  2.0
Translocations | |  2.4

Action                   || total
-------------------------++-------
Melee: Hand axe          ||    65
       Peck              ||    10
       Kick              ||    12
Throw: Boomerang         ||    23
  Use: Scroll            ||     6
       Potion            ||     2
Armor: Leather armour    ||     6
       Ring mail         ||    15
Dodge: Dodged            ||    14

Table legend:
 A = Non-vault XP
 B = Vault XP
 C = Vault XP percentage of total XP
 D = Non-vault monster count
 E = Vault monster count
 F = Vault count percentage of total count
                 A         B        C        D         E       F
            +---------+---------+-------+---------+---------+-------
      Total |      74 |       0 |   0.0 |      28 |       0 |   0.0
            +---------+---------+-------+---------+---------+-------
        D:1 |      17 |       0 |   0.0 |      10 |       0 |   0.0
        D:2 |      34 |       0 |   0.0 |       9 |       0 |   0.0
        D:3 |      18 |       0 |   0.0 |       7 |       0 |   0.0
        D:4 |       5 |       0 |   0.0 |       2 |       0 |   0.0
            +---------+---------+-------+---------+---------+-------
